Map: Dusk Towers

Players

Dog - Winner!

  • Race: Terran Terran
  • League: Diamond

LilDicky

  • Race: Terran Terran
  • League: Diamond

VOD

http://www.twitch.tv/tumescentpie

Description

Time

  • Played on: Nov. 28, 2015, 2:24 a.m.
  • Length: 14:26
Show
View Real Time Build Order
Export as new Build Order

Dog Terran - Winner!

Build Orders: MMM Bio 

Get SALT Encoding   

  12  0:01  SCV  
  13  0:13  SCV  
  14  0:17  Supply Depot  
  14  0:25  SCV  
  15  0:39  SCV  
  15  0:41  Refinery  
  16  0:43  Barracks  
  16  0:51  SCV  
  17  1:03  SCV  
  18  1:15  SCV  
  19  1:30  Reaper  
  21  1:34  Orbital Command  
  20  1:44  Supply Depot  
  20  1:49  Refinery  
  20  2:00  SCV  
  21  2:05  Factory  
  21  2:12  SCV  
  22  2:17  Reaper  
  23  2:24  SCV  
  23  2:26  Command Center  
  24  2:36  SCV  
  25  2:48  SCV  
  26  2:52  Hellion  
  26  2:54  Starport  
  26  2:55  Barracks Tech Lab  
  28  3:00  SCV  
  29  3:13  SCV, Supply Depot  
  29  3:40  SCV  
  29  3:45  Marine  
  29  3:48  Barracks, Widow Mine  
  30  3:51  Raven  
  30  3:55  SCV  
  35  3:56  Orbital Command  
  35  4:02  Barracks, Marine  
  35  4:03  Barracks  
  35  4:07  SCV  
  37  4:17  Widow Mine  
  37  4:19  SCV  
  37  4:24  Marine  
  41  4:27  SCV  
  42  4:32  Supply Depot  
  42  4:34  Viking, Marine  
  42  4:38  SCV  
  46  4:42  Marine  
  47  4:45  SCV  
  47  4:49  Widow Mine  
  47  4:52  SCV  
  51  4:54  Barracks Tech Lab  
  51  4:55  Barracks Tech Lab  
  51  4:57  Barracks Reactor  
  51  5:00  Marine  
  51  5:01  SCV  
  51  5:03  Supply Depot  
  51  5:05  Viking  
  55  5:09  SCV  
  55  5:13  SCV  
  55  5:14  Supply Depot  
  57  5:15  Combat Shields, Stimpack  
  56  5:22  Widow Mine  
  58  5:30  SCV  
  58  5:31  Command Center  
  57  5:43  SCV  
  57  5:45  Barracks Tech Lab  
  58  5:51  Factory Reactor  
  58  5:56  SCV x2  
  60  5:57  Barracks  
  60  5:58  Refinery  
  60  5:59  Refinery  
  60  6:00  Engineering Bay, Barracks  
  60  6:03  Engineering Bay  
  58  6:08  SCV  
  58  6:16  SCV  
  57  6:20  SCV  
  57  6:21  Marine  
  57  6:22  Marauder, Marine  
  57  6:23  Marauder  
  57  6:24  Concussive Shells  
  64  6:26  Medivac  
  64  6:27  Medivac  
  64  6:28  SCV  
  64  6:32  SCV  
  70  6:39  Marine x2  
  71  6:40  Supply Depot  
  71  6:41  SCV  
  71  6:44  SCV, Missile Turret  
  71  6:46  Barracks Reactor, Barracks Tech Lab  
  74  6:53  SCV  
  75  6:56  SCV  
  75  6:59  Terran Infantry Weapons Level 1  
  76  7:06  SCV, Marine x3  
  76  7:07  Marauder  
  82  7:13  Refinery  
  82  7:15  SCV  
  83  7:18  SCV  
  83  7:20  Refinery  
  84  7:24  Missile Turret, Marauder  
  84  7:26  Terran Infantry Armor Level 1  
  84  7:28  Orbital Command  
  84  7:29  SCV  
  87  7:30  Marine x3  
  87  7:31  Widow Mine  
  87  7:35  SCV  
  87  7:36  Widow Mine  
  93  7:39  Marine  
  96  7:46  Marine x2, Marauder  
  96  7:48  Marine  
  101  8:05  Marine x2  
  101  8:09  Marine  
  101  8:10  Marine  
  101  8:11  Medivac  
  101  8:12  Marauder  
  100  8:15  Marine x2  
  93  8:21  Medivac  
  93  8:23  SCV x2, Marine x2  
  93  8:24  SCV  
  98  8:27  Marine  
  98  8:28  Marauder  
  98  8:29  Supply Depot  
  101  8:45  Marine x2, Widow Mine  
  101  8:46  Marauder x2  
  109  8:50  Medivac, Marine x2  
  109  8:51  Marauder  
  109  8:55  Medivac  
  117  9:04  Supply Depot  
  117  9:06  Supply Depot  
  117  9:25  Medivac, Marine x2  
  117  9:26  Marauder x2  
  117  9:27  SCV, Marine x3  
  129  9:33  Medivac  
  126  9:43  Marine x2  
  126  9:45  Marine  
  123  9:47  Marine x2  
  123  9:48  Marauder, Marine  
  126  9:53  Armory  
  126  9:55  Medivac  
  122  10:00  Command Center  
  122  10:01  Marauder  
  122  10:03  Medivac  
  126  10:17  Marine x4  
  126  10:18  Marauder x2  
  131  10:23  Marauder  
  131  10:25  Medivac  
  119  10:38  Marine x4  
  119  10:39  Marine x2  
  119  11:12  Marine  
  119  11:13  Marine x5  
  119  11:14  Medivac x2, Marauder  
  128  11:30  Marine x2  
  128  11:31  Marine x4  
  98  12:07  Orbital Command  
  93  12:09  Orbital Command  
  74  12:36  Orbital Command  
  72  12:48  Marine x2  
  72  12:49  Marine x2  
  73  13:06  Marine x3  
  76  13:14  Marine x2  
  78  13:24  Marine x3  
  81  13:32  Marine x2  
  83  13:36  Supply Depot  
  83  13:37  Supply Depot x2  
  83  13:42  Marine x4  
  82  13:50  Marine x2  
  84  13:59  Marine x2  
  84  14:00  Marine x2  
  84  14:02  Factory  
Show
View Real Time Build Order
Export as new Build Order

LilDicky Terran 

Build Orders: Banshee Rush 

Get SALT Encoding   

  12  0:02  SCV  
  13  0:14  SCV  
  13  0:19  Supply Depot  
  14  0:27  SCV  
  15  0:28  Refinery  
  15  0:40  SCV  
  16  0:46  Barracks  
  16  0:53  SCV  
  17  1:05  SCV  
  18  1:17  SCV  
  19  1:38  Marine  
  21  1:40  Supply Depot, Orbital Command  
  21  1:46  Factory  
  20  1:58  Marine  
  21  2:09  SCV  
  21  2:11  Bunker  
  21  2:15  Marine  
  21  2:21  SCV  
  23  2:31  Bunker, Widow Mine  
  23  2:33  SCV, Marine  
  27  2:39  Refinery  
  27  2:45  SCV  
  28  2:55  Marine  
  28  2:57  SCV  
  30  3:01  Starport  
  30  3:10  SCV  
  30  3:11  Factory Tech Lab  
  31  3:15  Supply Depot  
  31  3:19  Barracks Reactor  
  32  3:27  SCV  
  32  3:39  SCV  
  33  3:50  Engineering Bay  
  33  3:51  SCV  
  33  3:53  Supply Depot  
  34  3:56  Widow Mine  
  34  3:57  Marine x2  
  34  3:58  Banshee, Cloaking Field  
  41  4:03  SCV  
  41  4:09  Supply Depot  
  42  4:15  SCV, Marine  
  44  4:21  Missile Turret  
  44  4:22  Supply Depot  
  44  4:25  Marine  
  44  4:27  Factory Tech Lab  
  45  4:41  Banshee  
  48  4:48  Command Center  
  48  4:51  SCV  
  49  4:53  Marine x2  
  49  4:58  Siege Tank  
  51  5:23  SCV  
  52  5:30  Siege Tank  
  52  5:32  Command Center  
  55  5:42  Starport Reactor  
  53  5:45  SCV  
  53  5:46  Barracks  
  54  6:15  Siege Tank  
  54  6:19  Marine x2  
  54  6:25  Barracks x2  
  56  6:32  Viking x2  
  60  6:36  SCV  
  61  6:41  Refinery  
  61  6:44  Orbital Command  
  61  6:49  SCV  
  61  6:50  Refinery  
  61  6:51  Marine x2  
  64  7:06  Medivac x2  
  64  7:07  Orbital Command  
  68  7:08  SCV  
  68  7:10  Marine  
  68  7:11  Marine  
  68  7:13  SCV  
  72  7:19  Barracks Tech Lab x2  
  72  7:21  Terran Infantry Weapons Level 1, SCV  
  73  7:25  SCV  
  74  7:33  SCV, Marine  
  74  7:34  Marine  
  77  7:37  SCV, Engineering Bay  
  77  7:38  SCV  
  77  7:39  Siege Tank  
  82  7:45  SCV  
  82  7:49  SCV  
  84  7:57  Marine x2  
  75  8:16  Marine x2  
  75  8:17  Marine, Marauder  
  75  8:18  Marauder  
  76  8:22  SCV x3  
  79  8:27  Refinery  
  79  8:28  Refinery  
  79  8:34  SCV, Marine x2  
  81  8:36  Marauder  
  81  8:37  Missile Turret  
  81  8:38  Marauder  
  81  8:40  Marauder  
  88  8:46  SCV x2  
  88  8:47  Missile Turret  
  90  8:51  Marine  
  90  8:52  Armory, Marine  
  92  8:55  Command Center  
  92  8:56  Medivac x2  
  92  9:00  Supply Depot  
  92  9:01  Marine  
  97  9:06  Stimpack  
  97  9:07  Combat Shields  
  97  9:08  Concussive Shells, Marine  
  97  9:09  SCV  
  100  9:10  SCV x2  
  101  9:20  Marine  
  101  9:22  Marauder  
  100  9:26  Marine  
  100  9:27  Marauder  
  100  9:31  SCV x2  
  87  9:54  Missile Turret  
  86  10:09  Orbital Command  
  86  10:10  Missile Turret  
  86  10:11  Widow Mine  
  84  10:29  Marine  
  84  10:35  Engineering Bay  
  85  10:36  Engineering Bay  
  85  10:40  Medivac x2  
  89  10:44  SCV  
  89  10:46  Marine  
  91  10:57  Marine x2  
  91  10:58  Marine x2  
  91  10:59  Factory Tech Lab  
  91  11:04  Missile Turret, Marine  
  96  11:10  Missile Turret  
  95  11:15  Marine x4  
  94  11:21  Marine  
  70  11:33  Marine x4  
  70  11:39  Marine  
  62  11:50  Marine x2  
  62  11:51  Marine x2  
  55  12:16  Orbital Command  
  34  12:50  Orbital Command  
  31  13:17  SCV  
  22  13:20  Supply Depot  
  22  13:29  SCV  
  19  13:55  Command Center  
Tags
 
Add a new tag
Caveats
  • Supply blocks, unpowered buildings, or Contaminate may cause inaccurate times.
  • Supply counts are checked every 10 seconds.